 Seeded DCSS version 0.32-a0-599-gba8f9cf90e (webtiles) character file.

Game seed: 7220356206648857820 (custom seed)

25 valliere the Trooper (level 2, 23/24 HPs)
             Began as a Demonspawn Monk on Mar 3, 2024.
             Was a Believer of Sif Muna.
             Quit the game on level 2 of the Dungeon.
             The game lasted 00:00:57 (510 turns).

valliere the Trooper (Demonspawn Monk)               Turns: 510, Time: 00:00:58

Health: 23/24      AC:  6    Str: 11    XL:     2   Next: 82%
Magic:  2/2        EV: 13    Int: 10    God:    Sif Muna [**....]
Gold:   110        SH:  0    Dex: 15    Spells: 1/1 levels left

rFire   . . .        a - +0 falchion
rCold   . . .        d - orb {light}
rNeg    . . .        b - +0 robe
rPois   .            (no helmet)
rElec   .            (no cloak)
rCorr   .            (no gloves)
SInv    .            (no boots)
Will    .....        (no amulet)
Stlth   +            h - +4 ring of protection
HPRegen 1.24/turn    (no ring)
MPRegen 0.08/turn

%: no passive effects
@: glowing
A: powered by death 1
a: Renounce Religion, Channel Magic


You were on level 2 of the Dungeon.
You worshipped Sif Muna.
Sif Muna was pleased with you.
You visited 1 branch of the dungeon, and saw 2 of its levels.

You collected 110 gold pieces.

Inventory:

Hand Weapons
 a - a +0 falchion (weapon)
Missiles
 f - a throwing net (quivered)
Armour
 b - a +0 robe (worn)
 d - an orb of light (worn)
Jewellery
 h - a +4 ring of protection (left hand)
Scrolls
 g - a scroll of identify {unknown}
 i - a scroll of butterflies {unknown}
 k - a scroll of revelation {unknown}
 l - a scroll of fear {unknown}
Potions
 c - a potion of ambrosia
 e - a potion of haste {unknown}
 j - a potion of attraction {unknown}


   Skills:
 + Level 3.2 Fighting
 + Level 0.6(1.9) Short Blades
 + Level 2.9(3.0) Long Blades
 + Level 0.6 Armour
 + Level 2.9 Dodging
 + Level 1.2 Invocations


You had one spell level left.
You didn't know any spells.
Your spell library was empty.

Dungeon Overview and Level Annotations

Branches:
Dungeon (2/15)

Altars:
Sif Muna


Innate Abilities, Weirdness & Mutations

You regenerate a little health from kills.


Message History

You feel very sick. The rat closely misses you.
You slash the rat!
You kill the rat!
You feel sick.
No reachable target in view!
No reachable target in view!
No reachable target in view!
No reachable target in view!
No reachable target in view!
No reachable target in view!
No reachable target in view!
No reachable target in view!
No reachable target in view!
No reachable target in view!
No reachable target in view!
No reachable target in view!
No reachable target in view!
No reachable target in view!
No reachable target in view!
No reachable target in view!
No reachable target in view!
No reachable target in view!
No reachable target in view!
No reachable target in view!
Unknown command.
You feel sick.
Things that are here:
a +2 whip of venom; 4 stones You feel sick.
You feel sick.
You feel sick.
There is a faded altar of an unknown god here.
This altar belongs to (a) Sif Muna, (b) Jiyva or (c) Lugonu, but you can't tell which.
Press the corresponding letter to learn more about a god, or press enter to convert or escape to cancel.
Sif Muna accepts your prayer! Sif Muna welcomes you!
You can now call upon Sif Muna for magical energy.
You feel sick.
You are no longer poisoned.
Are you sure you want to abandon this character and quit the game? (Confirm with "yes".)

# #### #### ...#
#. ..#### ##.##
#.. ....?. #..#
###.###...###
##.#
#...#G#...#G#
#.##
#...###...###.#.
#..#
#...............
##.##
#....†..@.$?..#
#..#
#....)........#
##.#
##..###...###.#
#.# #..#G#...#G#
#.####..###...###
#....#..........
####.#.....######
#.#.##### #...#


You could see 2 eyes of devastation and 2 glass eyes.

Vanquished Creatures
  An adder (D:2)
  A ball python (D:2)
  2 endoplasms (D:2)
  2 giant cockroaches
  A hobgoblin (D:2)
  2 bats (D:1)
  3 goblins (D:2)
  2 kobolds (D:2)
  2 rats
16 creatures vanquished.

Notes
Turn   | Place    | Note
-------+----------+-------------------------------------------
     0 | D:1      | valliere the Demonspawn Monk began the quest for the Orb.
     0 | D:1      | Reached XP level 1. HP: 18/18 MP: 1/1
   403 | D:2      | Gained mutation: You regenerate a little health from kills.
                  | [demonic ancestry]
   403 | D:2      | Reached XP level 2. HP: 23/24 MP: 2/2
   409 | D:2      | Reached skill level 1 in Invocations
   496 | D:2      | Noticed a glass eye
   499 | D:2      | Found a faded altar of an unknown god.
   502 | D:2      | Noticed a glass eye
   502 | D:2      | Noticed an eye of devastation
   502 | D:2      | Noticed an eye of devastation
   509 | D:2      | Prayed at the altar of an unknown god.
   509 | D:2      | Became a worshipper of Sif Muna the Loreminder
   509 | D:2      | Reached * piety under Sif Muna
   509 | D:2      | Reached ** piety under Sif Muna
   510 | D:2      | Quit the game

Illustrated notes

Levels and vault maps discovered:
D:1:      giann_bridges, layout_rooms
D:2:      layout_basic, hellmonk_ecumenical_altar_watching_god,
          wander_ebering_terrifying_dragon_lair

Skill      XL: |  1  2 |
---------------+-------+-----
Invocations    | 1 |  1.2
Fighting       | |  3.2
Short Blades   | |  0.6
Long Blades    | |  2.9
Armour         | |  0.6
Dodging        | |  2.9

Action                     || total
---------------------------++-------
  Melee: Falchion          ||    23
 Armour: Robe              ||    12
  Dodge: Dodged            ||    15

Table legend: (Time is in decaauts)
 A = Elapsed time spent in this place.
 B = Non-inter-level travel time spent in this place.
 C = Inter-level travel time spent in this place.
 D = Time resting spent in this place.
 E = Time spent auto-exploring this place.
 F = Levels seen in this place.
 G = Mean time per level.
                   A        B        C        D        E       F      G
               +--------+--------+--------+--------+--------+-----+--------+
         Total |    512 |    494 |     18 |      0 |    415 |   2 |  256.0 |
       Dungeon |    512 |    494 |     18 |      0 |    415 |   2 |  256.0 |
               +--------+--------+--------+--------+--------+-----+--------+

Top non-repeatable levels by time:
     D:1: 377 daAuts
     D:2: 135 daAuts
